 Dungeon Crawl Stone Soup version 0.29.1-15-g9cfb28693d (webtiles) character file.

Game seed: 1497005965503904396

18 fozzywoppz the Conjurer (level 2, 0/19 HPs)
             Began as a Demonspawn Conjurer on Mar 23, 2023.
             Succumbed to an adder's poison
             ... on level 2 of the Dungeon.
             The game lasted 00:03:33 (967 turns).

fozzywoppz the Conjurer (Demonspawn Conjurer)        Turns: 967, Time: 00:03:34

Health: 0/19       AC:  2    Str:  7    XL:     2   Next: 48%
Magic:  1/5        EV: 12    Int: 19    God:
Gold:   86         SH:  0    Dex: 11    Spells: 2/5 levels left

rFire   . . .      SeeInvis .   k - +0 dagger
rCold   . . .      Faith    .   (no shield)
rNeg    . . .      Spirit   .   a - +0 robe
rPois   .          Reflect  .   (no helmet)
rElec   .          Harm     .   (no cloak)
rCorr   .          Rampage  .   (no gloves)
Will    .....                   (no boots)
Stlth   ++........              (no amulet)
HPRegen 0.06/turn               (no ring)
MPRegen 0.09/turn               (no ring)

@: brilliant, lethally poisoned (0 -> -6), attractive
A: weakness stinger 1
a: no special abilities


You were on level 2 of the Dungeon.
You visited 1 branch of the dungeon, and saw 2 of its levels.

You collected 86 gold pieces.

Inventory:

Hand Weapons
 d - a +2 whip of electrocution
 k - a +0 dagger (weapon)
Missiles
 g - 2 boomerangs
Armour
 a - a +0 robe (worn)
Jewellery
 e - an amulet of faith
Scrolls
 f - a scroll of identify {unknown}
 i - a scroll of blinking {unknown}
 j - a scroll of enchant armour {unknown}
Potions
 b - a potion of magic


   Skills:
 + Level 2.1 Dodging
 + Level 2.1 Stealth
 + Level 2.2 Spellcasting
 + Level 4.2 Conjurations


You had 2 spell levels left.
You knew the following spells:

 Your Spells              Type           Power      Damage    Failure   Level
a - Magic Dart            Conj           100%       1d8       3%          1
b - Searing Ray           Conj           54%        2d6       4%          2

Your spell library contained the following spells:

 Spells                   Type           Power      Damage    Failure   Level
 Sandblast                Erth           6%         2d5       17%         1
 Passwall                 Tmut/Erth      2%         N/A       26%         2
 Dazzling Flash           Conj/Hex       30%        N/A       22%         3
 Stone Arrow              Conj/Erth      30%        3d8       22%         3
 Fulminant Prism          Conj/Hex       7%         3d7       56%         4
 Iskenderun's Mystic Bla  Conj/Tloc      15%        2d5       56%         4


Dungeon Overview and Level Annotations

Branches:
Dungeon (2/15)

Altars:


Innate Abilities, Weirdness & Mutations

You have a small tail.


Message History

Press: ? - help, Shift-Dir - straight line, f/p - adder
Aim: an adder (100% to hit)
The magic dart hits the adder.
The adder is heavily wounded.
Your magical contamination has completely faded away.
You closely miss the adder.
The adder is heavily wounded.
The adder barely misses you.
You hit the adder.
The adder is severely wounded.
The adder bites you.
You are poisoned.
The adder poisons you!
You closely miss the adder.
The adder is severely wounded.
You feel sick. The adder barely misses you. The adder bites you.
You closely miss the adder.
The adder is severely wounded.
You feel sick. The adder bites you.
You are more poisoned.
The adder poisons you!
Casting: Magic Dart (safe; 3% risk of failure)
Confirm with . or Enter, or press ? or * to list all spells.
Okay, then.
It was a potion of attraction.
You feel attractive to monsters.
You feel sick. The adder bites you.
It was a potion of brilliance.
You feel clever all of a sudden.
You feel sick. The adder barely misses you.
You closely miss the adder.
The adder is heavily wounded.
You feel sick. The adder bites you.
* * * LOW HITPOINT WARNING * * *
You are more poisoned.
The adder poisons you! The adder misses you.
Unknown command.
You completely miss the adder.
The adder is heavily wounded.
You die...

#....# #(#.# #....#
#.#!##. #....# #.#...
#....####.#.#####
#....#...........
#................
#...............(
+.....#.......#
#..@S.#.)...#.##.
#................
#....###......## #
......###..###.### .#
..=.........###...##.#
..............†<........
#.............##...).###
#.............##.....#
........#......#


You could see an adder.

Vanquished Creatures
  A dart slug (D:1)
  2 bats
  2 endoplasms
  4 goblins
  A hobgoblin (D:2)
  A ball python (D:1)
  2 kobolds (D:1)
  A rat (D:2)
14 creatures vanquished.

Notes
Turn   | Place    | Note
-------+----------+-------------------------------------------
     0 | D:1      | fozzywoppz the Demonspawn Conjurer began the quest for the
                  | Orb.
     0 | D:1      | Reached XP level 1. HP: 13/13 MP: 3/3
   216 | D:1      | Gained mutation: You have a small tail. [demonic ancestry]
   216 | D:1      | Reached XP level 2. HP: 6/19 MP: 1/5
   446 | D:1      | Learned a level 2 spell: Searing Ray
   967 | D:2      | Succumbed to an adder's poison

Illustrated notes

Levels and vault maps discovered:
D:1:      lightli_arrival_statue_moat, layout_rooms, minmay_pentomino_v4
D:2:      layout_basic, shapermc_ecumenical_altar_starsandcircs,
          corexii_item_surrounded_by_moat

Skill      XL: |  1 |
---------------+----+-----
Dodging        | 2 |  2.1
Stealth        | 2 |  2.1
Spellcasting   | |  2.2
Conjurations   | |  4.2

Action                   || total
-------------------------++-------
Melee: Unarmed           ||    21
       Dagger            ||     8
 Cast: Magic Dart        ||    25
       Searing Ray       ||     3
  Use: Potion            ||     2
Armor: Robe              ||     8
Dodge: Dodged            ||    32
